 Dungeon Crawl Stone Soup version 0.22-a0-162-g33bf127 (webtiles) character file.

1312 vishdafish the Cutter (level 8, -2/58 HPs)
             Began as a Vampire Ice Elementalist on Feb 13, 2018.
             Slain by a black bear (8 damage)
             ... on level 6 of the Dungeon.
             The game lasted 00:17:32 (9850 turns).

vishdafish the Cutter (Vampire Ice Elementalist)    Turns: 9850, Time: 00:17:32

Health: -2/58      AC:  5    Str:  6    XL:     8   Next: 32%
Magic:  8/12       EV: 15    Int: 17    God:
Gold:   282        SH:  0    Dex: 17    Spells: 10/13 levels left

rFire    + . .     SeeInvis +   w - +1 dagger (venom)
rCold    + . .     Gourm    .   (no shield)
rNeg     + + .     Faith    .   a - +0 robe
rPois    +         Spirit   .   B - +1 helmet "Wiqe Idu" {rF+ Str-3 Dex+2 Slay+3}
rElec    .         Reflect  .   (no cloak)
rCorr    .         Harm     .   (no gloves)
MR       .....                  z - +0 pair of boots
Stlth    ++++......             (no amulet)
HPRegen  0.09/turn              y - ring of stealth
MPRegen  0.13/turn              (no ring)

@: very slightly contaminated, regenerating slowly
A: fangs 3, see invisible, unbreathing
a: Bat Form


You were on level 6 of the Dungeon.
You were very thirsty.

You visited 1 branch of the dungeon, and saw 6 of its levels.

You collected 282 gold pieces.

Inventory:

Hand Weapons
 i - a +0 short sword
 w - a +1 dagger of venom (weapon)
Armour
 a - a +0 robe (worn)
 x - a +2 helmet
 z - a +0 pair of boots (worn)
 B - the +1 helmet "Wiqe Idu" (worn) {rF+ Str-3 Dex+2 Slay+3}
   (You found it on level 5 of the Dungeon)

   It affects your strength (-3).
   It affects your dexterity (+2).
   It affects your accuracy and damage with ranged weapons and melee attacks
   (+3).
   It protects you from fire.
Jewellery
 y - a ring of stealth (left hand)
Wands
 s - a wand of polymorph (10)
 A - a wand of acid (3)
Scrolls
 d - a scroll of immolation
 e - a scroll of identify
 k - 2 scrolls of enchant weapon
 l - a scroll of magic mapping
 n - a scroll of noise {unknown}
 p - 4 scrolls of remove curse {unknown}
 r - a scroll of fear {unknown}
 u - 2 scrolls of amnesia {unknown}
Potions
 c - a potion of haste {unknown}
 f - 3 potions of might
 g - 2 potions of blood
 h - 3 potions of heal wounds {unknown}
 j - 3 potions of curing
 o - 3 potions of brilliance {unknown}
 q - a potion of flight {unknown}
 t - 3 potions of degeneration
Books
 b - a book of Frost

   Spells                             Type                      Level
   a - Freeze                         Ice                          1
   b - Throw Frost                    Conjuration/Ice              2
   c - Ozocubu's Armour               Charms/Ice                   3
   d - Throw Icicle                   Conjuration/Ice              4
   e - Summon Ice Beast               Ice/Summoning                4
 v - a book of Cantrips

   Spells                             Type                      Level
   a - Confusing Touch                Hexes                        1
   b - Animate Skeleton               Necromancy                   1
   c - Summon Small Mammal            Summoning                    1
   d - Apportation                    Translocation                1


   Skills:
 + Level 3.4 Fighting
 * Level 6.1 Short Blades
 + Level 5.0 Dodging
 - Level 3.0 Stealth
 - Level 3.0 Spellcasting
 - Level 0.6 Conjurations
 - Level 4.1 Ice Magic
 * Level 3.8 Evocations


You had 10 spell levels left.
You knew the following spells:

 Your Spells              Type           Power        Failure   Level  Hunger
a - Freeze                Ice            ###.         3%          1    None
b - Throw Frost           Conj/Ice       ##....       10%         2    ##.....


Dungeon Overview and Level Annotations

Branches:
Dungeon (6/15)
 Temple: D:4-7

Altars:
Trog


Innate Abilities, Weirdness & Mutations

You heal slowly.
You have razor-sharp teeth.
You have supernaturally acute eyesight. (SInv)
You can survive without breathing.


Message History

There is a stone staircase leading up here.
The black bear bites you!
* * * LOW HITPOINT WARNING * * *
The black bear claws you.
* * * LOW HITPOINT WARNING * * *
The black bear claws you.
* * * LOW HITPOINT WARNING * * *
The black bear bites you but does no damage.
The black bear misses you. The black bear claws you.
* * * LOW HITPOINT WARNING * * *
An ogre comes into view. It is wielding a giant spiked club.
The black bear barely misses you. The black bear claws you.
* * * LOW HITPOINT WARNING * * *
The black bear claws you.
* * * LOW HITPOINT WARNING * * *
You barely miss the black bear.
The black bear is almost dead.
You are feeling very thirsty.
The black bear bites you!
You die...

#..........
###.#######
#.# #.# #)#
#.# #<#
#.#######..O
#..h@.....#
###########


You could see a black bear (berserk) and an ogre (sleeping).

Vanquished Creatures
  The ghost of kegs the Skirmisher, a novice HOFi (D:5)
  Edmund (D:5)
  3 centaurs
  A sky beast (D:5)
  3 scorpions
  A howler monkey (D:5)
  A hound (D:4)
  3 orc wizards (D:5)
  Terence (D:2)
  A worker ant (D:5)
  A howler monkey zombie (D:5)
  Robin (D:3)
  6 adders
  An ooze (D:2)
  An adder skeleton (D:5)
  3 worms (D:3)
  2 dart slugs
  7 leopard geckos
  4 orcs
  4 bats
  2 giant cockroaches
  12 hobgoblins
  6 jackals
  5 kobolds (D:1)
  2 quokkas
  2 ball pythons
  A ball python zombie (D:5)
  4 frilled lizards
  17 goblins
  A leopard gecko zombie (D:5)
  6 rats
104 creatures vanquished.

Notes
Turn   | Place    | Note
-------+----------+-------------------------------------------
     0 | D:1      | vishdafish the Vampire Ice Elementalist began the quest for the Orb.
     0 | D:1      | Reached XP level 1. HP: 13/13 MP: 3/3
   258 | D:1      | Reached XP level 2. HP: 9/20 MP: 1/5
   876 | D:1      | Reached skill level 1 in Short Blades
  1019 | D:1      | Reached XP level 3. HP: 25/25 MP: 6/6
  1770 | D:2      | Reached skill level 1 in Fighting
  2409 | D:2      | Reached XP level 4. HP: 32/32 MP: 7/7
  2859 | D:2      | Noticed Terence
  2870 | D:2      | Killed Terence
  2870 | D:2      | Reached skill level 2 in Short Blades
  2947 | D:2      | Learned a level 2 spell: Throw Frost
  4066 | D:3      | Noticed Robin
  4112 | D:3      | Reached XP level 5. HP: 21/37 MP: 6/8
  4706 | D:3      | Killed Robin
  5100 | D:4      | Reached skill level 3 in Short Blades
  5629 | D:5      | Entered Level 5 of the Dungeon
  5642 | D:5      | Got an ancient helmet
  5653 | D:5      | Identified the +1 helmet "Wiqe Idu" {rF+ Str-3 Dex+2 Slay+3} (You found it on level 5 of the Dungeon)
  5849 | D:5      | Reached XP level 6. HP: 44/44 MP: 10/10
  6448 | D:5      | Noticed kegs's ghost (novice HOFi)
  7563 | D:5      | Noticed a sky beast
  7568 | D:5      | Reached skill level 4 in Short Blades
  7568 | D:5      | Reached skill level 1 in Evocations
  8409 | D:5      | Reached XP level 7. HP: 34/51 MP: 11/11
  8976 | D:5      | Noticed Edmund
  8982 | D:5      | Killed Edmund
  8982 | D:5      | Reached skill level 5 in Short Blades
  8984 | D:5      | Found a bloodstained altar of Trog.
  9767 | D:5      | Killed kegs's ghost
  9767 | D:5      | Reached skill level 6 in Short Blades
  9767 | D:5      | Reached XP level 8. HP: 58/58 MP: 12/12
  9822 | D:6      | Reached skill level 5 in Dodging
  9850 | D:6      | Slain by a black bear

Vault maps used:
D:1:      dpeg_cavernosity, minmay_close_crescents
D:2:      uniq_terence
D:3:      uniq_robin
D:4:      wad_lake_hut, first_ration
D:5:      basic_altar, guppyfry_early_lair_pool, uniq_edmund
D:6:      minmay_temple_entry_butterflies, hangedman_abyss_or_decor_passed,
          fedhas_altar_1, uniq_eustachio, uniq_duvessa, uniq_menkaure

Skill      XL: |  1  2  3  4  5  6  7  8 |
---------------+-------------------------+-----
Short Blades   | 1 2 3 4 6 |  6.1
Fighting       | 1 2 3 |  3.4
Dodging        | 3 4 5 |  5.0
Ice Magic      | 4 |  4.1
Spellcasting   | 3 |  3.0
Evocations     | 1 3 |  3.8
Stealth        | |  3.0
Conjurations   | |  0.6

Action                   |  1- 3 |  4- 6 |  7- 9 || total
-------------------------+-------+-------+-------++-------
Melee: Unarmed           |    15 |       |       ||    15
       Bite              |     2 |     9 |     3 ||    14
       Short sword       |    88 |    63 |       ||   151
       Dagger            |       |   103 |    45 ||   148
 Cast: Freeze            |    26 |    11 |       ||    37
       Throw Frost       |       |    18 |     9 ||    27
 Abil: End Transformatio |       |     5 |     2 ||     7
       Bat Form          |       |     5 |     2 ||     7
Evoke: Wand              |       |       |     7 ||     7
  Use: Potion            |     3 |    12 |     6 ||    21
       Scroll            |       |     9 |       ||     9
 Stab: Sleeping          |     9 |    10 |     1 ||    20
Armor: Robe              |    19 |    27 |     7 ||    53
Dodge: Dodged            |    88 |    87 |    33 ||   208

Table legend:
 A = Spawn XP
 B = Non-spawn XP
 C = Spawn XP percentage of total XP
 D = Spawn monster count
 E = Non-spawn monster count
 F = Spawn count percentage of total count
 G = Total turns spent on level
                    A         B        C        D         E        F      G
               +---------+---------+-------+---------+---------+-------+---------
         Total |       0 |    1875 |   0.0 |       0 |     104 |   0.0 |  9850
               +---------+---------+-------+---------+---------+-------+---------
           D:1 |       0 |      50 |   0.0 |       0 |      28 |   0.0 |  1725
           D:2 |       0 |     117 |   0.0 |       0 |      23 |   0.0 |  1787
           D:3 |       0 |      61 |   0.0 |       0 |      21 |   0.0 |  1388
           D:4 |       0 |     117 |   0.0 |       0 |       3 |   0.0 |  2503
           D:5 |       0 |    1417 |   0.0 |       0 |      27 |   0.0 |  2402
           D:6 |       0 |     113 |   0.0 |       0 |       2 |   0.0 |    45
               +---------+---------+-------+---------+---------+-------+---------
